 Dungeon Crawl Stone Soup version 0.32-a0-131-g9dbbe29261 (webtiles) character file.

Game seed: 17715656634179554013

184 Esekla the Covert (level 5, 0/37 HPs)
             Began as an Octopode Delver on Feb 8, 2024.
             Was an Initiate of Gozag.
             Slain by a gnoll bouda
             ... wielding a +0 club
              (5 damage)
             ... on level 4 of the Dungeon.
             The game lasted 00:18:45 (3044 turns).

Esekla the Covert (Octopode Delver)                 Turns: 3044, Time: 00:18:46

Health: 0/37       AC:  1    Str: 12    XL:     5   Next: 64%
Magic:  7/7        EV: 13    Int: 14    God:    Gozag
Gold:   642        SH:  0    Dex: 13    Spells: 6/6 levels left

rFire   . . .        a - +0 falchion
rCold   . . .        (no shield)
rNeg    . . .        (helmet restricted)
rPois   .            g - amulet of regeneration
rElec   .            (no ring)
rCorr   .            (no ring)
SInv    .            (no ring)
Will    .....        (no ring)
Stlth   +++++        (no ring)
HPRegen 1.06/turn    (no ring)
MPRegen 0.10/turn    (no ring)
                     (no ring)

%: no passive effects
@: mighty
A: almost no armour, amphibious, 8 rings, camouflage 1, gelatinous body 1,
(nimble swimmer 1), tentacles
a: Renounce Religion, Potion Petition, Call Merchant, Bribe Branch


You were on level 4 of the Dungeon.
You worshipped Gozag.
Gozag was pleased with you.
You visited 2 branches of the dungeon, and saw 6 of its levels.

You collected 647 gold pieces.
You paid 5 gold pieces to Gozag.

Inventory:

Hand Weapons
 a - a +0 falchion (weapon)
 s - a +0 dagger
Missiles
 h - 2 poisoned darts (quivered)
Jewellery
 g - an amulet of regeneration (around mantle)
 t - a ring of positive energy
Wands
 f - a wand of digging (3)
Scrolls
 b - a scroll of fog
 c - a scroll of revelation
 d - 2 scrolls of fear
 k - 5 scrolls of teleportation {unknown}
 m - a scroll of torment {unknown}
 n - 3 scrolls of vulnerability {unknown}
 o - 2 scrolls of identify {unknown}
 p - 2 scrolls of butterflies {unknown}
 q - a scroll of enchant armour {unknown}
 r - a scroll of brand weapon {unknown}
 u - a scroll of blinking {unknown}
Potions
 e - a potion of haste
 j - a potion of might
 l - a potion of attraction {unknown}


   Skills:
 * Level 3.6 Fighting
 + Level 0.8(1.8) Short Blades
 + Level 2.6(2.7) Long Blades
 * Level 2.6 Dodging
 + Level 8.2 Stealth
 * Level 1.3 Spellcasting
 * Level 0.7 Necromancy


You had 6 spell levels left.
You didn't know any spells.
Your spell library contained the following spells:

 Spells                   Type           Power      Damage    Failure   Level
 Kiss of Death            Conj/Necr      8%         2d6       22%         1
 Confusing Touch          Hex            0%         N/A       58%         3
 Dispel Undead            Necr           3%         3d7       88%         4


Dungeon Overview and Level Annotations

Branches:
Dungeon (5/15)             Temple (1/1) D:5

Altars:
Ashenzari
Dithmenos
Fedhas
Gozag
Kikubaaqudgha
Nemelex Xobeh
Qazlal
Ru
Sif Muna
Trog
Xom
Zin


Innate Abilities, Weirdness & Mutations

You cannot wear most types of armour.
You are amphibious.
You can wear up to eight rings at the same time.
Your skin changes colour to match your surroundings (Stealth+).
Your rubbery body absorbs attacks. (AC +1, EV +1)
((You are camouflaged when in or above water. (Stealth+)))
You have tentacles for arms and can constrict up to eight enemies at once.


Message History

HP restored.
You start resting.
Magic restored.
You see here a +0 club.
A gnoll bouda comes into view. It is wielding a +0 club.
Throw: 3 darts (poison)
Press: ? - help, Q - select action, (/) - cycle Shift-Dir - straight line, f - gnoll bouda
Aim: a gnoll bouda, wielding a +0 club and wearing a +0 robe (wandering, hasn't noticed you, 58% to hit)
You throw a poisoned dart. The poisoned dart hits the gnoll bouda.
The gnoll bouda is poisoned.
The gnoll bouda barks out a call to the hunt!
You hear a shout! x2
The gnoll bouda gazes fiercely through you!
You feel your attacks grow feeble.
The gnoll bouda hits you with a +0 club!
You closely miss the gnoll bouda. You grab the gnoll bouda.
The gnoll bouda is moderately wounded.
You constrict the gnoll bouda, but do no damage.
The gnoll bouda looks more healthy.
The gnoll bouda hits you with a +0 club!
* * * LOW HITPOINT WARNING * * *
The gnoll bouda barks out a call to the hunt!
You hear a shout!
You hit the gnoll bouda.
You squeeze the gnoll bouda, but do no damage.
The gnoll bouda is heavily wounded.
Your attacks no longer feel as feeble.
You constrict the gnoll bouda, but do no damage.
A gnoll comes into view. It is wielding a +0 whip.
The gnoll bouda hits you with a +0 club.
* * * LOW HITPOINT WARNING * * *
The gnoll moves out of view.
It was a potion of might.
You feel very mighty all of a sudden.
You constrict the gnoll bouda.
The gnoll hits you from afar with a +0 halberd.
* * * LOW HITPOINT WARNING * * *
The gnoll bouda hits you with a +0 club.
You die...
Your body crumbles into a pile of gold.

#....# ... ..
#....##.##...
#...........#
#...#.#......
###.#.#...#..
###..........
#############............
#......<).#...(..[.......
#........@##......##.....
#.........ggg............
##.......###.......######
#.......# #####..[#
#.......# #...# #########
#...# ####


You could see a gnoll bouda and 2 gnolls.

Vanquished Creatures
  2 orc wizards
  A gnoll (D:4)
  4 adders
  2 ufetubi (D:5)
  3 dart slugs (D:2)
  A ribbon worm (D:2)
  5 orcs
  A ball python (D:2)
  6 endoplasms
  5 giant cockroaches
  6 goblins
  6 hobgoblins
  6 kobolds
  A quokka (D:1)
  8 bats
  6 frilled lizards
  5 rats
68 creatures vanquished.

Notes
Turn   | Place    | Note
-------+----------+-------------------------------------------
     0 | D:5      | Esekla the Octopode Delver began the quest for the Orb.
     0 | D:5      | Reached XP level 1. HP: 16/16 MP: 1/1
    17 | D:5      | Noticed a black bear
    37 | D:5      | Found a staircase to the Ecumenical Temple.
    50 | Temple   | Entered the Ecumenical Temple
    59 | D:5      | Found a shimmering blue altar of Sif Muna.
    62 | D:5      | Found an opulent altar of Gozag.
    83 | D:5      | Noticed an ice beast
   162 | D:5      | Became a worshipper of Gozag Ym Sagoz the Greedy
   190 | D:5      | Noticed an ice beast
   246 | D:5      | Reached skill level 7 in Stealth
   246 | D:5      | Reached XP level 2. HP: 11/21 MP: 2/2
   375 | D:3      | Reached XP level 3. HP: 23/26 MP: 3/3
  1501 | D:2      | Reached XP level 4. HP: 31/31 MP: 4/4
  2747 | D:3      | Reached skill level 8 in Stealth
  2747 | D:3      | Reached skill level 1 in Spellcasting
  2747 | D:3      | Reached XP level 5. HP: 28/36 MP: 6/6
  3044 | D:4      | Slain by a gnoll bouda

Illustrated notes

Levels and vault maps discovered:
D:1:      dpeg_arrival_tiny_a, layout_loops_corners
D:2:      layout_basic, serial_bayou_lake_a
D:3:      layout_loops_ring
D:4:      layout_basic, okawaru_gym_becter, nicolae_nh_oracle_at_delphi,
          uniq_menkaure
D:5:      layout_gridville, elyvilon_altar_1, minitemple,
          minmay_temple_entry_purple_smoke
Temple:   chequers_temple_sunken

Skill      XL: |  1  2  3  4 |
---------------+-------------+-----
Stealth        | 7 8 |  8.2
Spellcasting   | 1 |  1.3
Fighting       | |  3.6
Short Blades   | |  0.8
Long Blades    | |  2.6
Dodging        | |  2.6
Necromancy     | |  0.7

Action                     |  1- 3 |  4- 6 || total
---------------------------+-------+-------++-------
  Melee: Falchion          |    39 |    66 ||   105
         Constrict         |    11 |    18 ||    29
         Punch             |     3 |     4 ||     7
         Tentacles         |     5 |    13 ||    18
         Dagger            |    13 |    14 ||    27
  Throw: Dart              |       |     3 ||     3
    Use: Potion            |       |     4 ||     4
         Scroll            |       |     1 ||     1
   Stab: Sleeping          |    18 |    13 ||    31
 Armour: Skin              |    19 |    44 ||    63
  Dodge: Dodged            |    30 |    31 ||    61

Table legend: (Time is in decaauts)
 A = Elapsed time spent in this place.
 B = Non-inter-level travel time spent in this place.
 C = Inter-level travel time spent in this place.
 D = Time resting spent in this place.
 E = Time spent auto-exploring this place.
 F = Levels seen in this place.
 G = Mean time per level.
                   A        B        C        D        E       F      G
               +--------+--------+--------+--------+--------+-----+--------+
         Total |   3055 |   3024 |     31 |    220 |   1009 |   6 |  509.2 |
       Dungeon |   3053 |   3022 |     31 |    220 |   1009 |   5 |  610.6 |
        Temple |      1 |      1 |      0 |      0 |      0 |   1 |    1.0 |
               +--------+--------+--------+--------+--------+-----+--------+

Top non-repeatable levels by time:
     D:2: 959 daAuts
     D:1: 948 daAuts
     D:3: 704 daAuts
     D:5: 302 daAuts
     D:4: 139 daAuts
  Temple: 1 daAuts
